 Dungeon Crawl Stone Soup version 0.25-a0-803-g58bd18402a (webtiles) character file.

Game seed: 3285479291870466776, levelgen mode: deterministic

1367 Anathary the Carver (level 8, -9/64 HPs)
             Began as a Demonspawn Fighter on Apr 19, 2020.
             Was an Initiate of Cheibriados.
             Killed from afar by Maggie (17 damage)
             ... with a bolt of fire
             ... on level 6 of the Dungeon.
             The game lasted 00:17:32 (6323 turns).

Anathary the Carver (Demonspawn Fighter)            Turns: 6323, Time: 00:17:33

Health: -9/64      AC:  7    Str: 19    XL:     8   Next: 38%
Magic:  8/8        EV: 14    Int: 11    God:    Cheibriados [......]
Gold:   315        SH:  9    Dex: 14    Spells: 7/7 levels left

rFire    . . .     SeeInvis .   a - +0 long sword
rCold    . . .     Gourm    .   c - +0 kite shield
rNeg     . . .     Faith    .   b - +0 scale mail
rPois    .         Spirit   .   (no helmet)
rElec    .         Reflect  .   (no cloak)
rCorr    .         Harm     .   w - +0 pair of gloves
MR       .....                  (no boots)
Stlth    +.........             (no amulet)
HPRegen  0.20/turn              (no ring)
MPRegen  0.11/turn              (no ring)

@: agile, mesmerised, very slow
A: powered by pain 1, spiny 2, sturdy frame 2
a: Bend Time, Renounce Religion


You were on level 6 of the Dungeon.
You worshipped Cheibriados.
Cheibriados was noncommittal.
You were not hungry.

You visited 2 branches of the dungeon, and saw 7 of its levels.

You collected 315 gold pieces.

Inventory:

Hand Weapons
 a - a +0 long sword (weapon)
Armour
 b - a +0 scale mail (worn)
 c - a +0 kite shield (worn)
 w - a +0 pair of gloves (worn)
Wands
 u - a wand of random effects (12)
Scrolls
 g - a scroll of amnesia {unknown}
 h - a scroll of noise {unknown}
 i - a scroll of fog {unknown}
 k - 2 scrolls of teleportation {unknown}
 o - a scroll of magic mapping {unknown}
 p - a scroll of immolation {unknown}
 s - a scroll of enchant weapon {unknown}
 v - a scroll of remove curse {unknown}
Potions
 d - a potion of might
 e - 6 potions of curing
 j - a potion of cancellation
 l - 2 potions of haste
 m - 3 potions of brilliance
 n - a potion of stabbing
 q - 2 potions of lignification
 r - 2 potions of heal wounds
 t - 2 potions of invisibility {unknown}
 z - a potion of magic {unknown}
Comestibles
 f - 6 rations


   Skills:
 + Level 6.1 Fighting
 + Level 8.0 Long Blades
 - Level 2.6 Armour
 - Level 1.6 Dodging
 - Level 2.6 Shields


You had 7 spell levels left.
You didn't know any spells.
Your spell library contained the following spells:

 Spells                   Type           Power        Failure   Level  Hunger
 Magic Dart               Conj           #...         95%         1    ##.....
 Searing Ray              Conj           #.....       98%         2    ###....
 Dazzling Flash           Conj/Hex       #.....       100%        3    ####...
 Fulminant Prism          Conj/Hex       #.........   100%        4    #####..
 Iskenderun's Mystic Bla  Conj/Tloc      #.......     100%        4    #####..


Dungeon Overview and Level Annotations

Branches:
Dungeon (6/15)             Temple (1/1) D:5

Altars:
Ashenzari
Cheibriados
Elyvilon
Gozag
Kikubaaqudgha
Makhleb
Trog
Uskayaw
Wu Jian
Xom
Yredelemnul
The Shining One

Annotations:
D:6 Maggie


Innate Abilities, Weirdness & Mutations

You sometimes gain a little power by taking damage.
You are mostly covered in sharp spines.
Your movements are less encumbered by armour. (ER -4)


Message History

Your shield and scale mail prevent you from hitting Maggie.
Maggie is heavily wounded.
You block Maggie's attack.
You hit Maggie but do no damage.
Maggie is heavily wounded.
Maggie hits you with a +0 war axe of flaming.
Maggie burns you.
* * * LOW HITPOINT WARNING * * *
You hit Maggie but do no damage.
Maggie is heavily wounded.
Maggie is struck by your spines.
Maggie hits you with a +0 war axe of flaming!
* * * LOW HITPOINT WARNING * * *
Maggie burns you.
* * * LOW HITPOINT WARNING * * *
You closely miss Maggie.
Maggie is heavily wounded.
Maggie casts a spell at you. The bolt of fire hits you!
You die...

# #...)....# ##
##.####.........
..
...............#
.o
##............##
#o
#............##
#o #.#####.######
#o #.# #.#
#@##.#####.#
#####.@........#
......$...#######
###########


You could see Maggie, an orc priest and 3 orcs.

Vanquished Creatures
  Sigmund (D:6)
  A hungry ghost (D:5)
  A sky beast (D:5)
  2 ogres (D:4)
  A centaur (D:6)
  A bullfrog (D:5)
  2 crimson imps (D:5)
  3 hounds
  An orc wizard (D:3)
  An orc priest (D:4)
  A centaur skeleton (D:5)
  An iguana (D:5)
  5 worker ants
  8 adders
  8 gnolls (D:4)
  2 shadow imps (D:5)
  An ooze (D:4)
  2 worms
  A dart slug (D:1)
  12 leopard geckos
  9 orcs
  3 giant cockroaches
  9 goblins
  10 hobgoblins
  9 kobolds
  2 quokkas
  A ball python (D:4)
  5 bats
  4 frilled lizards
  A quokka skeleton (D:4)
  11 rats
  A butterfly (D:4)
120 creatures vanquished.

Notes
Turn   | Place    | Note
-------+----------+-------------------------------------------
     0 | D:1      | Anathary the Demonspawn Fighter began the quest for the
                  | Orb.
     0 | D:1      | Reached XP level 1. HP: 18/18 MP: 1/1
    74 | D:1      | Reached skill level 2 in Long Blades
   294 | D:1      | Gained mutation: You are partially covered in sharp spines.
                  | [demonic ancestry]
   294 | D:1      | Reached XP level 2. HP: 13/24 MP: 2/2
   869 | D:2      | Gained mutation: Your movements are slightly less
                  | encumbered by armour. (ER -2) [demonic ancestry]
   869 | D:2      | Reached XP level 3. HP: 28/29 MP: 3/3
  1290 | D:2      | Reached skill level 1 in Dodging
  1702 | D:3      | Gained mutation: You are mostly covered in sharp spines.
                  | [demonic ancestry]
  1702 | D:3      | Reached XP level 4. HP: 37/37 MP: 4/4
  1822 | D:3      | Reached skill level 3 in Long Blades
  2303 | D:3      | Gained mutation: You sometimes gain a little power by
                  | taking damage. [demonic ancestry]
  2303 | D:3      | Reached XP level 5. HP: 42/42 MP: 5/5
  2858 | D:4      | Reached skill level 4 in Long Blades
  3151 | D:4      | Reached XP level 6. HP: 15/49 MP: 6/6
  3463 | D:4      | Found a shimmering altar of Xom.
  3749 | D:4      | Reached skill level 5 in Long Blades
  4329 | D:4      | Reached skill level 5 in Fighting
  4329 | D:4      | Gained mutation: Your movements are less encumbered by
                  | armour. (ER -4) [demonic ancestry]
  4329 | D:4      | Reached XP level 7. HP: 13/56 MP: 7/7
  4699 | D:4      | Found Qaofaow's Armour Emporium.
  4943 | D:5      | Entered Level 5 of the Dungeon
  5010 | D:5      | Noticed a hungry ghost
  5029 | D:5      | Killed a hungry ghost
  5029 | D:5      | Reached skill level 6 in Long Blades
  5373 | D:5      | Found a staircase to the Ecumenical Temple.
  5377 | Temple   | Entered the Ecumenical Temple
  5385 | Temple   | Became a worshipper of Cheibriados the Contemplative
  5432 | D:5      | Reached skill level 7 in Long Blades
  5577 | D:5      | Found a burning altar of Makhleb.
  5623 | D:5      | Reached XP level 8. HP: 28/63 MP: 8/8
  6105 | D:6      | Found an ornate altar of the Wu Jian Council.
  6269 | D:6      | Noticed Sigmund
  6276 | D:6      | Killed Sigmund
  6276 | D:6      | Reached skill level 8 in Long Blades
  6306 | D:6      | Noticed Maggie
  6323 | D:6      | Killed from afar by Maggie

Levels and vault maps discovered:
D:1:      giann_wishing_wells, layout_rooms, serial_bayou_lake_a
D:2:      layout_rooms
D:3:      minmay_door_path, layout_loops_ring, serial_park_tiny_1,
          wander_ebering_terrifying_dragon_lair
D:4:      layout_cave_pools, xom_butterflies, serial_forest,
          infiniplex_forest_lined_2, infiniplex_forest_clump_curved,
          infiniplex_forest_end_1, infiniplex_forest_clump_long,
          infiniplex_forest_clump_tiny, infiniplex_forest_clump_medium,
          infiniplex_forest_lined_ring, infiniplex_forest_lined_1, serial_shops,
          shop, first_ration, minmay_fractal_squares_diagonal_5
D:5:      minmay_chambers_of_fours, layout_basic, overflow_temple_1_default,
          minmay_temple_entry_glassed_door
D:6:      layout_loops_ring, lemuel_crystal_altar, uniq_maggie, uniq_sigmund
Temple:   lightli_temple_of_artemis

Skill      XL: |  1  2  3  4  5  6  7  8 |
---------------+-------------------------+-----
Long Blades    | 2 3 4 5 7 8 |  8.0
Dodging        | 1 |  1.6
Fighting       | 4 5 6 |  6.1
Armour         | |  2.6
Shields        | |  2.6

Action                   |  1- 3 |  4- 6 |  7- 9 || total
-------------------------+-------+-------+-------++-------
Melee: Long sword        |   154 |   116 |   100 ||   370
  Use: Scroll            |     1 |     4 |     3 ||     8
  Eat: Ration            |     1 |     2 |     2 ||     5
       Chunk             |       |     2 |     1 ||     3
Armor: Scale mail        |    83 |    29 |    24 ||   136
Dodge: Dodged            |    56 |    48 |    30 ||   134
Block: Kite shield       |   113 |    52 |    47 ||   212
       Rpst.: Long sword |    20 |    20 |     7 ||    47

Table legend:
 A = Non-vault XP
 B = Vault XP
 C = Vault XP percentage of total XP
 D = Non-vault monster count
 E = Vault monster count
 F = Vault count percentage of total count
                 A         B        C        D         E       F
            +---------+---------+-------+---------+---------+-------
      Total |    1477 |     476 |  24.4 |     103 |      16 |  13.4
            +---------+---------+-------+---------+---------+-------
        D:1 |      40 |       0 |   0.0 |      20 |       0 |   0.0
        D:2 |      56 |       0 |   0.0 |      24 |       0 |   0.0
        D:3 |      90 |      70 |  43.8 |      19 |       7 |  26.9
        D:4 |     488 |      97 |  16.6 |      22 |       4 |  15.4
        D:5 |     686 |      78 |  10.2 |      14 |       4 |  22.2
        D:6 |     117 |     231 |  66.4 |       4 |       1 |  20.0
            +---------+---------+-------+---------+---------+-------
